 Dungeon Sprint DCSS version 0.15-a0-1485-g692b94f (webtiles) character file.

534 PolkaDot the Unseen (level 7, 0/49 HPs)
             Began as a Vampire Gladiator on June 14, 2014.
             Was an Initiate of Dithmenos.
             Succumbed to Sonja's curare-tipped needle
             ... in the Dungeon (Sprint I: "Red Sonja").
             The game lasted 00:03:58 (193 turns).

PolkaDot the Unseen (Vampire Gladiator)              Turns: 193, Time: 00:03:59

HP   0/49        AC  7     Str 14      XL: 7   Next:  4%
MP   7/7         EV 12     Int 10      God: Dithmenos [......]
Gold 253         SH  0     Dex 16      Spells:  2 memorised,  1 level left

rFire  . . .     SeeInvis +     l - +2 dagger (flame)
rCold  . . .     Clarity  .     b - +0 leather armour
rNeg   + . .     rCorr    .     (no shield)
rPois  .         rRot     .     c - +0 helmet
rElec  .         Spirit   .     (no cloak)
SustAb .         Warding  .     a - +2 pair of gloves
rMut   .         NoTele   +     (no boots)
Gourm  .                        (no amulet)
MR     .....                    (no ring)
                                (no ring)

@: lethally poisoned, slowed, very slow, not resistant to hostile enchantments,
extremely stealthy
A: bottle blood, fangs 3, see invisible, unbreathing
a: Bat Form, Bottle Blood, Renounce Religion


You were in the Dungeon.
You worshipped Dithmenos.
Dithmenos was noncommittal.
You were not thirsty.

You visited 1 branch You collected 302 gold pieces.
You spent 49 gold pieces at shops.

Inventory:

Hand weapons
 l - a +2,+2 dagger of flaming (weapon)
Missiles
 d - 2 throwing nets (quivered)
Armour
 a - a +2 pair of gloves (worn)
 b - a +0 leather armour (worn)
 c - a +0 helmet (worn)
Scrolls
 k - a scroll of blinking
Potions
 e - a potion of blood {@w2}
 h - a potion of haste
 i - 2 potions of magic
 j - a potion of berserk rage
Books
 m - a book of Dreams

   Spells                             Type                      Level
   *Ensorcelled Hibernation           Hexes/Ice                    2
   *Flight                            Charms/Air                   3
   Phase Shift                        Translocation                5
   Shadow Creatures                   Summoning                    5
   Mass Confusion                     Hexes                        6
   Darkness                           Hexes                        7


   Skills:
 - Level 1.7 Fighting
 * Level 11.7 Short Blades
 - Level 1.5 Throwing
 - Level 3.2 Dodging
 + Level 15.1 Stealth
 + Level 4.0 Hexes


You had one spell level left.
You knew the following spells:

 Your Spells              Type           Power        Failure   Level  Hunger
d - Ensorcelled Hibernat  Hex/Ice        #.....       24%         2    ###....
F - Flight                Chrm/Air       #.........   92%         3    ####...


Dungeon Overview and Level Annotations

Branches:
Dungeon (1/1)

Altars:
Cheibriados
Dithmenos
Elyvilon
Fedhas
Gozag
Kikubaaqudgha
Makhleb
Nemelex Xobeh
Okawaru
Qazlal
Sif Muna
Trog
Vehumet
Xom
Yredelemnul
Zin
The Shining One
Jiyva

Shops:
D ?

Annotations:
D Sonja


Innate Abilities, Weirdness & Mutations

You can bottle blood from corpses.
You have razor-sharp teeth.*
You have supernaturally acute eyesight.
You can survive without breathing.*


Message History

Sonja hits you but does no damage. Sonja misses you. Sonja closely misses you.
Sonja hits you with an uncursed dagger of draining.
* * * LOW HITPOINT WARNING * * *
Sonja hits you but does no damage.
You hit Sonja but do no damage. Your bite misses Sonja.
Sonja is moderately wounded.
* * * LOW HITPOINT WARNING * * *
You feel sick. Sonja hits you but does no damage.
Sonja hits you but does no damage. Sonja misses you.
Unknown command.
You hit Sonja.
Dithmenos does not appreciate your starting fires!
You feel a little guilty.
You burn Sonja.
Sonja is heavily wounded.
* * * LOW HITPOINT WARNING * * *
You feel sick. Sonja misses you. Sonja misses you.
Sonja hits you but does no damage.
You miss Sonja.
Sonja is heavily wounded.
You die...

#<.#..'..#.)'..#__#..+,,,*,,*
#..').#.)'..#..'..'..#,,,**
#..#####'#####'#__####,,,+,,*
#..####..#...#.####,,*****,,+
#..#__####..##.#≈≈ ,,* **+ *
#..#_..._##'#..+≈≈≈,,+,,*, ,
#⌠⌠#_.∩...'.(._#≈≈≈,,*,,*,,,,
####_..._##_K#'#*+ * **+ **,,
*,,#_____###@#.#,,,,***,+,*,,
***#########(###*+ **,***,*,,
*∩,,, ,,,,+$.(+,,,,,+,∩* ,*,,
***++++** #$($#**********,**
*,,,,,,,**##.##*,,,,,,,**,**,
*,,, ,,,,*,#+#, ,,, ,,,,+,***
*,,*,,,,,*,,,,,*+++******,*,,
*,,,,,,,,*,,, ,* ,,,,,,,*,***
*,,,,,*,,*******,,, ,,,*+,*,,


You could see Sonja.

Vanquished Creatures
  A slime creature (D)
  A yak (D)
  An ogre (D)
  Sigmund (D)
  A jelly (D)
  Ijyb (D)
6 creatures vanquished.

Notes
Turn   | Place    | Note
--------------------------------------------------------------
     0 | D        | PolkaDot, the Vampire Gladiator, began the quest for the Orb.
     0 | D        | Reached XP level 1. HP: 16/16 MP: 1/1
     2 | D        | Noticed Ijyb
    10 | D        | Killed Ijyb
    10 | D        | Reached skill level 5 in Short Blades
    10 | D        | Reached skill level 5 in Stealth
    10 | D        | Reached XP level 2. HP: 17/22 MP: 2/2
    18 | D        | Noticed an ogre
    20 | D        | Killed an ogre
    20 | D        | Reached skill level 7 in Short Blades
    20 | D        | Reached skill level 9 in Stealth
    20 | D        | Reached XP level 3. HP: 20/27 MP: 3/3
    20 | D        | Reached XP level 4. HP: 24/33 MP: 4/4
    32 | D        | Noticed Sigmund
    34 | D        | Killed Sigmund
    34 | D        | Reached skill level 11 in Stealth
    34 | D        | Reached XP level 5. HP: 29/38 MP: 5/5
    50 | D        | Found a snail-covered altar of Cheibriados.
    50 | D        | Found a viscous altar of Jiyva.
    50 | D        | Found a shadowy altar of Dithmenos.
    50 | D        | Found a blossoming altar of Fedhas.
    50 | D        | Noticed a slime creature
    53 | D        | Killed a slime creature
    53 | D        | Reached skill level 14 in Stealth
    53 | D        | Reached XP level 6. HP: 35/44 MP: 6/6
    55 | D        | Became a worshipper of Dithmenos the Shadowed
    66 | D        | Found a deep blue altar of Sif Muna.
    67 | D        | Noticed a jelly
    68 | D        | Found a radiant altar of Vehumet.
    72 | D        | Killed a jelly
    99 | D        | Learned a level 2 spell: Ensorcelled Hibernation
   103 | D        | Learned a level 3 spell: Flight
   107 | D        | Found Cefargh's Magic Scroll Emporium.
   107 | D        | Found a white marble altar of Elyvilon.
   107 | D        | Found a burning altar of Makhleb.
   107 | D        | Found a glowing golden altar of the Shining One.
   107 | D        | Found an opulent altar of Gozag.
   107 | D        | Found a glowing silver altar of Zin.
   107 | D        | Noticed a yak
   108 | D        | Found a stormy altar of Qazlal.
   108 | D        | Found a basalt altar of Yredelemnul.
   108 | D        | Found an iron altar of Okawaru.
   108 | D        | Found a sparkling altar of Nemelex Xobeh.
   108 | D        | Found a shimmering altar of Xom.
   108 | D        | Found an ancient bone altar of Kikubaaqudgha.
   109 | D        | Killed a yak
   109 | D        | Reached skill level 15 in Stealth
   109 | D        | Reached XP level 7. HP: 47/49 MP: 7/7
   156 | D        | Found a bloodstained altar of Trog.
   160 | D        | Bought a scroll of magic mapping for 49 gold pieces
   168 | D        | Noticed Sonja
   191 | D        | HP: 2/49 [poisoned by Sonja (curare-tipped needle)]
   193 | D        | Succumbed to Sonja's curare-tipped needle

Action                   |  1- 3 |  4- 6 |  7- 9 || total
-------------------------+-------+-------+-------++-------
Melee: Cutlass           |     7 |       |       ||     7
       Dagger            |     1 |     4 |     9 ||    14
Throw: Throwing net      |     1 |       |     5 ||     6
  Use: Potion            |       |       |     2 ||     2
       Scroll            |       |       |     1 ||     1
 Stab: Held in net/web   |     2 |       |       ||     2
       Sleeping          |     1 |     4 |       ||     5
